 Dungeon Crawl Stone Soup version 0.18.1-50-g88ac8fd (webtiles) character file.

679 Amnesiac the Slicer (level 7, -4/40 HPs)
             Began as a Deep Elf Fighter on Mar 2, 2018.
             Slain by an ice beast (10 damage)
             ... on level 5 of the Dungeon.
             The game lasted 00:10:11 (6173 turns).

Amnesiac the Slicer (Deep Elf Fighter)              Turns: 6173, Time: 00:10:12

Health: -4/40      AC:  9    Str: 15    XL:     7   Next: 34%
Magic:  9/9        EV:  6    Int: 11    God:
Gold:   270        SH:  9    Dex: 14    Spells: 0 memorised, 6 levels left

rFire  . . .     SeeInvis .     e - +1 dagger (speed)
rCold  . . .     Gourm    .     b - +0 scale mail
rNeg   . . .     Faith    .     c - +1 shield
rPois  .         Spirit   .     j - +0 helmet
rElec  .         Dismiss  .     r - +0 cloak
rCorr  .         Reflect  .     (no gloves)
SustAt .         Harm     .     k - +0 pair of boots
MR     .....     Rnd*Rage +     (no amulet)
Stlth  ..........               (no ring)
                                (no ring)

@: not resistant to hostile enchantments, extremely unstealthy
A: berserk 1, deterioration 1, dopey 1
a: no special abilities


You were on level 5 of the Dungeon.
You were near starving.

You visited 2 branches of the dungeon, and saw 7 of its levels.

You collected 270 gold pieces.

Inventory:

Hand Weapons
 e - a +1 dagger of speed (weapon)
Missiles
 a - a throwing net (quivered)
 d - 2 poisoned javelins
 g - 16 curare-tipped needles
 s - 11 poisoned needles
Armour
 b - a +0 scale mail (worn)
 c - a +1 shield (worn)
 j - a +0 helmet (worn)
 k - a +0 pair of boots (worn)
 r - a +0 cloak (worn)
Jewellery
 o - an uncursed amulet of dismissal
 p - an uncursed amulet of regeneration {unknown}
Scrolls
 i - a scroll of fear {!r}
 l - 2 scrolls of fog {!r}
 n - a scroll of enchant armour {!r}
 q - a scroll of magic mapping {!r}
 w - 3 scrolls of remove curse {!r}
Potions
 m - a potion of haste {!q}
 t - a potion of heal wounds {!q}
 u - a potion of cancellation {!q}
Comestibles
 f - 3 bread rations
 h - a meat ration
 z - 3 fruits


   Skills:
 - Level 2.4 Fighting
 + Level 8.3 Short Blades
 - Level 2.4 Armour
 - Level 2.4 Shields


You had 6 spell levels left.
You didn't know any spells.

Dungeon Overview and Level Annotations

Branches:
Dungeon (6/15)             Temple (1/1) D:5

Altars:
Cheibriados
Dithmenos
Elyvilon
Fedhas
Gozag
Kikubaaqudgha
Makhleb
Nemelex Xobeh
Qazlal
Ru
Sif Muna
Trog
Vehumet
Xom
Yredelemnul
Zin
The Shining One

Annotations:
D:5 Edmund


Innate Abilities, Weirdness & Mutations

You tend to lose your temper in combat.
Your body sometimes deteriorates upon taking damage.
You are dopey. (Int -2)


Message History

The ice beast is lightly wounded.
The ice beast hits you but does no damage.
You barely miss the ice beast.
The ice beast is lightly wounded.
The ice beast hits you but does no damage.
You hit the ice beast but do no damage.
The ice beast is lightly wounded.
Your shield and scale mail prevent you from hitting the ice beast.
The ice beast is lightly wounded.
You block the ice beast's attack.
Your shield and scale mail prevent you from hitting the ice beast.
The ice beast is lightly wounded.
You are near starving!
You closely miss the ice beast.
The ice beast is lightly wounded.
You block the ice beast's attack.
You hit the ice beast.
The ice beast is moderately wounded.
Your shield and scale mail prevent you from hitting the ice beast.
The ice beast is moderately wounded.
The ice beast hits you. The ice beast freezes you!
Your shield and scale mail prevent you from hitting the ice beast.
The ice beast is moderately wounded.
You hit the ice beast but do no damage.
The ice beast is moderately wounded.
You block the ice beast's attack.
You hit the ice beast.
The ice beast is moderately wounded.
You closely miss the ice beast.
The ice beast is moderately wounded.
The ice beast hits you.
* * * LOW HITPOINT WARNING * * *
The ice beast freezes you!
* * * LOW HITPOINT WARNING * * *
You hit the ice beast.
The ice beast is moderately wounded.
You barely miss the ice beast.
The ice beast is moderately wounded.
You hit the ice beast.
The ice beast is heavily wounded.
You block the ice beast's attack.
You closely miss the ice beast.
The ice beast is heavily wounded.
Your shield and scale mail prevent you from hitting the ice beast.
The ice beast is heavily wounded.
The ice beast hits you but does no damage.
You hit the ice beast but do no damage.
The ice beast is heavily wounded.
You closely miss the ice beast.
The ice beast is heavily wounded.
The ice beast hits you but does no damage.
You hit the ice beast.
The ice beast is heavily wounded.
You hit the ice beast but do no damage.
The ice beast is heavily wounded.
You block the ice beast's attack.
You completely miss the ice beast.
The ice beast is heavily wounded.
You hit the ice beast.
The ice beast is severely wounded.
The ice beast hits you.
* * * LOW HITPOINT WARNING * * *
The ice beast freezes you!
You die...

#.. #..
#.. ..
#.## ..#
#.# #@#
#Y#
#.$o)....#
#.#.#.##.#
#........
#.. ###
... #..#
##... #.#
#.. .. ..


You could see an ice beast and an orc.

Vanquished Creatures
  A centaur (D:6)
  A howler monkey (D:5)
  A crimson imp (D:5)
  A hound (D:4)
  A jelly (D:4)
  An orc wizard (D:3)
  2 orc priests
  A giant frog skeleton (D:4)
  An iguana (D:4)
  2 worker ants (D:4)
  2 hound skeletons
  5 gnolls
  10 adders
  A shadow imp (D:5)
  An ooze (D:2)
  A worm (D:3)
  A dart slug (D:1)
  2 giant geckos
  12 orcs
  7 bats
  3 giant cockroaches
  7 goblins
  4 hobgoblins
  3 jackals
  2 quokkas
  A ball python (D:3)
  A giant gecko zombie (D:5)
  6 giant newts
  8 kobolds
  A quokka skeleton (D:4)
  9 rats
99 creatures vanquished.

Notes
Turn   | Place    | Note
--------------------------------------------------------------
     0 | D:1      | Amnesiac the Deep Elf Fighter began the quest for the Orb.
     0 | D:1      | Reached XP level 1. HP: 13/13 MP: 3/3
   193 | D:4      | Noticed an orc wizard
   230 | D:3      | Reached XP level 2. HP: 12/18 MP: 4/4
   334 | D:3      | Reached skill level 3 in Short Blades
   626 | D:4      | Reached XP level 3. HP: 15/22 MP: 5/5
   804 | D:5      | Entered Level 5 of the Dungeon
   805 | D:5      | Found a bloodstained altar of Trog.
   815 | D:5      | Reached skill level 4 in Short Blades
   908 | D:5      | Reached XP level 4. HP: 18/27 MP: 6/6
  1207 | D:4      | Reached skill level 5 in Short Blades
  1408 | D:4      | Reached XP level 5. HP: 29/31 MP: 7/7
  1941 | D:5      | Found a staircase to the Ecumenical Temple.
  1956 | Temple   | Entered the Ecumenical Temple
  2196 | D:2      | Found a burning altar of Makhleb.
  2196 | D:2      | Found a shimmering altar of Xom.
  2196 | D:2      | Found a shadowy altar of Dithmenos.
  2640 | D:1      | Reached skill level 6 in Short Blades
  3173 | D:2      | Found a blossoming altar of Fedhas.
  3940 | D:3      | Reached XP level 6. HP: 32/36 MP: 8/8
  4438 | D:3      | Reached skill level 7 in Short Blades
  5017 | D:4      | Reached XP level 7. HP: 14/40 MP: 9/9
  5604 | D:5      | Noticed Edmund
  5856 | D:6      | Reached skill level 8 in Short Blades
  5920 | D:6      | Found a glowing drain.
  6103 | D:5      | Gained mutation: You are dopey. (Int -2) [potion of mutation]
  6103 | D:5      | Gained mutation: You tend to lose your temper in combat. [potion of mutation]
  6103 | D:5      | Gained mutation: Your body sometimes deteriorates upon taking damage. [potion of mutation]
  6173 | D:5      | Slain by an ice beast

Skill      XL: |  1  2  3  4  5  6  7 |
---------------+----------------------+-----
Short Blades   | 3 4 5 6 7 8 |  8.3
Fighting       | |  2.4
Armour         | |  2.4
Shields        | |  2.4

Action                   |  1- 3 |  4- 6 |  7- 9 || total
-------------------------+-------+-------+-------++-------
Melee: Dagger            |   142 |   523 |   225 ||   890
       Rapier            |    17 |       |       ||    17
Throw: Throwing net      |       |     1 |       ||     1
  Use: Scroll            |     3 |     8 |       ||    11
       Potion            |       |     4 |     3 ||     7
  Eat: Chunk             |       |    13 |     2 ||    15
       Fruit             |       |       |     1 ||     1
Armor: Scale mail        |    47 |   116 |    53 ||   216
       Leather armour    |    14 |       |       ||    14
       Skin              |       |       |     8 ||     8
Dodge: Dodged            |    26 |    59 |    31 ||   116
Block: Shield            |    45 |   161 |    79 ||   285
